 Dungeon Crawl Stone Soup version 0.21-a0-528-gf531e82 (webtiles) character file.

128 slep the Chopper (level 5, -5/28 HPs)
             Began as a Vine Stalker Fighter on Dec 9, 2017.
             Killed by divine providence
             ... invoked by an orc priest
              (11 damage)
             ... on level 3 of the Dungeon.
             The game lasted 00:04:29 (1674 turns).

slep the Chopper (Vine Stalker Fighter)             Turns: 1674, Time: 00:04:30

Health: -5/28      AC:  7    Str: 19    XL:     5   Next: 11%
Magic:  0/6        EV:  7    Int:  8    God:
Gold:   99         SH:  9    Dex: 14    Spells: 4/4 levels left

rFire    . . .     SeeInvis .   a - +0 war axe
rCold    . . .     Gourm    .   c - +0 shield
rNeg     . . .     Faith    .   b - +0 scale mail
rPois    .         Spirit   +   q - +0 helmet
rElec    .         Reflect  .   (no cloak)
rCorr    .         Harm     .   (no gloves)
MR       .....                  (no boots)
Stlth    ..........             (no amulet)
HPRegen  0.49/turn              (no ring)
MPRegen  0.10/turn              (no ring)

@: no status effects
A: fangs 2, regeneration 1, magic shield, antimagic bite, no potion heal 3, rot
immunity
a: no special abilities


You were on level 3 of the Dungeon.
You were not hungry.

You visited 1 branch of the dungeon, and saw 3 of its levels.

You collected 99 gold pieces.

Inventory:

Hand Weapons
 a - a +0 war axe (weapon)
 u - a +4 trident
Armour
 b - a +0 scale mail (worn)
 c - a +0 shield (worn)
 q - a +0 helmet (worn)
Scrolls
 g - a scroll of teleportation {unknown}
 h - 2 scrolls of remove curse {unknown}
 i - 4 scrolls of identify {unknown}
 j - a scroll of fog {unknown}
 k - a scroll of enchant armour {unknown}
 m - 2 scrolls of enchant weapon {unknown}
 o - 2 scrolls of immolation {unknown}
 p - 2 scrolls of amnesia {unknown}
Potions
 d - a potion of might
 e - a potion of resistance {unknown}
 l - 2 potions of curing {unknown}
 r - a potion of cancellation {unknown}
Comestibles
 f - 6 bread rations
 n - a meat ration
 s - a royal jelly


   Skills:
 + Level 3.2 Fighting
 + Level 3.3 Axes
 + Level 3.0 Armour
 + Level 0.1 Dodging
 + Level 3.1 Shields


You had 4 spell levels left.
You didn't know any spells.

Dungeon Overview and Level Annotations

Branches:
Dungeon (3/15)

Altars:
The Shining One


Innate Abilities, Weirdness & Mutations

You have extremely sharp teeth.
Your natural rate of healing is unusually fast.
When hurt, damage is shared between your health and your magic reserves.
Your bite disrupts and absorbs the magic of your enemies.
Potions cannot restore your health.
You are immune to rotting.


Message History

The orc priest is moderately wounded.
You slash the orc!
You kill the orc!
You hit the orc but do no damage.
The orc priest hits you but does no damage.
You block the orc's attack.
You closely miss the orc priest.
The orc priest is moderately wounded.
You slash the orc!
You kill the orc!
The orc priest calls down the wrath of Beogh upon you.
Pain shoots through your body!
The orc priest invokes the aid of Beogh against you.
Beogh smites you!
* * * LOW HITPOINT WARNING * * *
You slash the orc priest!
The orc priest is severely wounded.
The orc priest mumbles some strange prayers to Beogh against you.
Beogh smites you!
You die...

.. .# #. #.#####
#.#...... ..
#......# .
##.....# # ..
#.....# ..(
#.)o.## #...
#..@..## .... .
##[....#.## # ..
######.......# #
.# #..........#.#
###..#
####.#########...
.....# #....# ..
.#### #.#### .
..# #.# ..## ##.#


You could see an orc priest.

Vanquished Creatures
  An orc wizard (D:3)
  4 adders
  An ooze (D:1)
  2 dart slugs
  A leopard gecko (D:1)
  8 orcs (D:3)
  A bat (D:1)
  6 giant cockroaches
  5 goblins
  5 hobgoblins
  6 kobolds
  2 quokkas (D:2)
  2 frilled lizards
  5 rats
49 creatures vanquished.

Notes
Turn   | Place    | Note
-------+----------+-------------------------------------------
     0 | D:1      | slep the Vine Stalker Fighter began the quest for the Orb.
     0 | D:1      | Reached XP level 1. HP: 11/11 MP: 2/2
    91 | D:1      | Reached XP level 2. HP: 15/16 MP: 3/3
   475 | D:1      | Reached XP level 3. HP: 20/20 MP: 4/4
   976 | D:2      | Found a glowing golden altar of the Shining One.
  1140 | D:2      | Gained mutation: Your natural rate of healing is unusually fast. [Vine Stalker growth]
  1140 | D:2      | Reached XP level 4. HP: 19/24 MP: 2/5
  1618 | D:3      | Reached XP level 5. HP: 27/28 MP: 6/6
  1674 | D:3      | Killed from afar by an orc priest

Vault maps used:
D:1:      dpeg_arrival_rooms_c
D:2:      nicolae_tso_swordbearing_angel
D:3:      first_bread

Skill      XL: |  1  2  3  4 |
---------------+-------------+-----
Axes           | 2 3 |  3.3
Fighting       | 3 |  3.2
Shields        | 3 |  3.1
Armour         | 3 |  3.0
Dodging        | |  0.1

Action                   |  1- 3 |  4- 6 || total
-------------------------+-------+-------++-------
Melee: War axe           |    78 |    54 ||   132
       Bite              |    17 |    11 ||    28
  Eat: Chunk             |       |     3 ||     3
Armor: Scale mail        |    28 |    21 ||    49
Dodge: Dodged            |    33 |    23 ||    56
Block: Shield            |    41 |    33 ||    74

Table legend:
 A = Spawn XP
 B = Non-spawn XP
 C = Spawn XP percentage of total XP
 D = Spawn monster count
 E = Non-spawn monster count
 F = Spawn count percentage of total count
 G = Total turns spent on level
                    A         B        C        D         E        F      G
               +---------+---------+-------+---------+---------+-------+---------
         Total |       0 |     183 |   0.0 |       0 |      49 |   0.0 |  1674
               +---------+---------+-------+---------+---------+-------+---------
           D:1 |       0 |      39 |   0.0 |       0 |      18 |   0.0 |   811
           D:2 |       0 |      53 |   0.0 |       0 |      11 |   0.0 |   619
           D:3 |       0 |      91 |   0.0 |       0 |      20 |   0.0 |   244
               +---------+---------+-------+---------+---------+-------+---------
